 Dungeon Crawl Stone Soup version 0.25.1-2-g60ff931df9 (webtiles) character file.

Game seed: 6372781433903574712

2082 Erymatos the Cleaver (level 9, -1/79 HPs)
             Began as a Minotaur Berserker on Oct 31, 2020.
             Was an Elder of Trog.
             Slain by an orc warrior
             ... wielding a +1 long sword of holy wrath
              (12 damage)
             ... on level 6 of the Dungeon.
             The game lasted 00:13:04 (5593 turns).

Erymatos the Cleaver (Minotaur Berserker)           Turns: 5593, Time: 00:13:05

Health: -1/79      AC: 16    Str: 24    XL:     9   Next: 6%
Magic:  8/8        EV:  9    Int:  7    God:    Trog [****..]
Gold:   538        SH:  6    Dex: 23    Spells: 8/8 levels left

rFire    . . .     SeeInvis .   a - +0 hand axe
rCold    . . .     Gourm    .   k - +0 buckler
rNeg     . . .     Faith    .   g - +0 plate armour
rPois    .         Spirit   .   u - +2 hat {Int+3}
rElec    .         Reflect  .   (no cloak)
rCorr    .         Harm     .   (no gloves)
MR       ++...                  w - +0 pair of boots
Stlth    ..........             (no amulet)
HPRegen  1.23/turn              o - +6 ring of dexterity
MPRegen  0.11/turn              x - +6 ring of dexterity

@: regenerating
A: retaliatory headbutt, horns 2
a: Berserk, Trog's Hand, Brothers in Arms, Renounce Religion


You were on level 6 of the Dungeon.
You worshipped Trog.
Trog was greatly pleased with you.
You were not hungry.

You visited 1 branch of the dungeon, and saw 6 of its levels.

You collected 538 gold pieces.

Inventory:

Hand Weapons
 a - a +0 hand axe (weapon)
Armour
 g - a +0 plate armour (worn)
 k - a +0 buckler (worn)
 u - a +2 hat of intelligence (worn)
 w - a +0 pair of boots (worn)
Jewellery
 o - a +6 ring of dexterity (left hand)
 x - a +6 ring of dexterity (right hand)
Wands
 A - a wand of random effects (7)
Scrolls
 d - 4 scrolls of fear
 e - 5 scrolls of identify
 f - a scroll of teleportation
 i - a scroll of magic mapping
 j - a scroll of noise
 p - a scroll of blinking
 t - a scroll of fog
 v - a scroll of enchant weapon {unknown}
 y - 3 scrolls of random uselessness {unknown}
Potions
 b - a potion of resistance
 h - 2 potions of berserk rage {unknown}
 l - a potion of degeneration {unknown}
 m - 2 potions of stabbing {unknown}
 n - a potion of lignification {unknown}
 q - 2 potions of heal wounds {unknown}
 r - a potion of brilliance {unknown}
 s - 2 potions of curing {unknown}
 z - a potion of ambrosia {unknown}
Comestibles
 c - 10 rations


   Skills:
 + Level 7.4 Fighting
 + Level 10.2 Axes
 + Level 7.1 Armour
 + Level 3.2 Dodging
 - Level 0.7 Stealth
 + Level 3.5 Shields


You had 8 spell levels left.
You didn't know any spells.
Your spell library was empty.

Dungeon Overview and Level Annotations

Branches:
Dungeon (6/15)             Temple (0/1) D:5

Altars:
Cheibriados

Shops:
D:5 !

Annotations:
D:4 1 transporter


Innate Abilities, Weirdness & Mutations

You reflexively headbutt those who attack you in melee.
You have a pair of horns on your head.


Message History

Unknown command.
You block the orc warrior's attack. The orc hits you but does no damage.
You block the orc's attack. The orc warrior completely misses you.
You furiously retaliate!
You headbutt the orc warrior.
Unknown command.
The orc barely misses you. The orc warrior closely misses you.
The orc hits you but does no damage.
The orc wizard mumbles some strange words.
The orc wizard flickers and vanishes!
Deactivating autopickup; reactivate with Ctrl-A.
Unknown command.
You hear the slow rusting of a very distant drain.
The orc warrior barely misses you.
You hear a distant slurping noise.
The orc hits you with a +0 short sword.
* * * LOW HITPOINT WARNING * * *
You block the orc warrior's attack. You block the orc's attack.
Unknown command.
The orc warrior hits you with a +1 long sword of holy wrath!
You die...

.... ...##.......
.....#...........
....#.#........$
.....#.......#
##..#..#...# .#.#.......#
........†.{########
....##.##ooo...#..## #. .
## ###@.......# ..
#######.....## ..
########°○○..#.##.## ..#
#°°○.°.#.°°.°###...##
...##°☼○○°.#○○○°°#......#
....#.○#.#.'○°...#......#
#..J#°.©...○○...©#©.....#
....#°.#.#.○°○...#..#####
....#°.°○°°#○.°°.####


You could see an orc warrior and 2 orcs.

Vanquished Creatures
  Grinder (D:3)
  Sigmund (D:3)
  2 fire bats (D:6)
  Duvessa (D:5)
  2 ice beasts
  2 phantoms
  2 ogres
  The ghost of Name63 the Magician, an amateur GnWz (D:4)
  Dowan (D:5)
  A jelly (D:4)
  A crimson imp (D:2)
  A centaur zombie (D:5)
  2 orc priests
  3 quasits (D:4)
  3 orc wizards (D:5)
  A centaur skeleton (D:4)
  An iron imp (D:5)
  3 worker ants
  3 gnolls (D:4)
  5 adders
  A shadow imp (D:4)
  An adder zombie (D:5)
  An ooze (D:2)
  4 worms
  A dart slug (D:2)
  3 leopard geckos
  18 orcs
  8 bats
  4 giant cockroaches
  7 goblins
  11 hobgoblins
  3 jackals (D:3)
  3 quokkas
  5 ball pythons
  5 frilled lizards (D:1)
  A jackal skeleton (D:4)
  6 kobolds
  A leopard gecko skeleton (D:4)
  8 rats
128 creatures vanquished.

Notes
Turn   | Place    | Note
-------+----------+-------------------------------------------
     0 | D:1      | Erymatos the Minotaur Berserker began the quest for the
                  | Orb.
     0 | D:1      | Reached XP level 1. HP: 19/19 MP: 0/0
   170 | D:1      | Reached XP level 2. HP: 13/27 MP: 1/1
   170 | D:1      | Reached skill level 4 in Axes
  1170 | D:2      | Reached XP level 3. HP: 33/33 MP: 2/2
  1206 | D:2      | Reached ** piety under Trog
  1208 | D:2      | Reached XP level 4. HP: 34/41 MP: 3/3
  1378 | D:2      | Reached skill level 5 in Axes
  1925 | D:3      | Noticed Grinder
  1938 | D:3      | Killed Grinder
  1938 | D:3      | Reached skill level 5 in Fighting
  1938 | D:3      | Reached skill level 6 in Axes
  1938 | D:3      | Reached XP level 5. HP: 11/48 MP: 4/4
  1938 | D:3      | Reached XP level 6. HP: 13/56 MP: 5/5
  2303 | D:3      | Noticed Sigmund
  2330 | D:3      | Killed Sigmund
  2909 | D:4      | Reached XP level 7. HP: 62/62 MP: 6/6
  2981 | D:4      | Found a transporter.
  2994 | D:4      | Noticed Name63's ghost (amateur GnWz)
  3004 | D:4      | Reached skill level 7 in Axes
  3344 | D:4      | Found a transporter.
  3363 | D:4      | Reached *** piety under Trog
  3407 | D:4      | Found a glowing drain.
  3445 | D:4      | Reached skill level 5 in Armour
  3445 | D:4      | Reached skill level 1 in Shields
  3762 | D:4      | Reached skill level 8 in Axes
  3915 | D:4      | Killed Name63's ghost
  3917 | D:4      | Reached XP level 8. HP: 71/71 MP: 7/7
  3981 | D:5      | Entered Level 5 of the Dungeon
  3994 | D:5      | Found Peduschys's Distillery.
  4012 | D:5      | Noticed Duvessa
  4012 | D:5      | Noticed Dowan
  4028 | D:5      | Killed Dowan
  4042 | D:5      | Killed Duvessa
  4223 | D:5      | Found a snail-covered altar of Cheibriados.
  4237 | D:5      | Reached skill level 9 in Axes
  4398 | D:5      | Found a staircase to the Ecumenical Temple.
  4775 | D:5      | Reached **** piety under Trog
  5501 | D:6      | Found a transporter.
  5515 | D:6      | Found a transporter.
  5520 | D:6      | Reached skill level 10 in Axes
  5536 | D:6      | Reached XP level 9. HP: 51/79 MP: 8/8
  5593 | D:6      | Slain by an orc warrior

Illustrated notes

Levels and vault maps discovered:
D:1:      scummos_arrival_forest, layout_loops_ring,
          minmay_misc_feat_more_columns
D:2:      layout_basic, first_ration
D:3:      layout_basic, minmay_quadrilaterals, uniq_grinder, uniq_sigmund
D:4:      layout_basic, cheibrodos_sewer_entry_sluice,
          gammafunk_ghost_stat_death
D:5:      minmay_clustersquares, layout_basic, slow_altar_1,
          minmay_temple_entry_offerings, serial_shops, nicolae_shop_waterfront,
          uniq_duvessa
D:6:      gammafunk_cloud_chamber, layout_cave_pools,
          chequers_temple_overflow_statue_of_worship, serial_shops, shop,
          gup_sewer_entry_bowl

Skill      XL: |  1  2  3  4  5  6  7  8 |
---------------+-------------------------+-----
Axes           | 4 6 8 10 | 10.2
Fighting       | 4 5 6 7 |  7.4
Armour         | 3 4 5 7 |  7.1
Dodging        | 3 |  3.2
Shields        | 1 3 |  3.5
Stealth        | |  0.7

Action                   |  1- 3 |  4- 6 |  7- 9 || total
-------------------------+-------+-------+-------++-------
Melee: Hand axe          |    58 |   107 |   199 ||   364
       Headbutt          |     7 |    20 |    63 ||    90
Invok: Berserk           |       |     2 |     3 ||     5
       Trog's Hand       |       |       |     1 ||     1
  Use: Scroll            |       |       |     9 ||     9
  Eat: Chunk             |     1 |     7 |     9 ||    17
       Ration            |       |       |     1 ||     1
Armor: Animal skin       |     9 |       |       ||     9
       Plate armour      |    13 |    63 |    79 ||   155
Dodge: Dodged            |    43 |    28 |    65 ||   136
Block: Buckler           |     1 |    13 |    41 ||    55
